 Dungeon Crawl Stone Soup version 0.31-a0-1589-g8f5e8aebd6 (webtiles) character file.

Game seed: 2696827570347029582

26630 MisterAzrael the Dealer of Despair (level 13, 0/102 HPs)
             Began as a Deep Elf Necromancer on Jan 5, 2024.
             Was an Elder of Kikubaaqudgha.
             Slain by a skyshark (1 damage)
             ... on level 5 of the Lair of Beasts.
             The game lasted 00:55:57 (17057 turns).

MisterAzrael the Dealer of Despair (DENe)          Turns: 17057, Time: 00:55:57

Health: 0/102      AC: 26    Str:  4    XL:     13   Next: 0%
Magic:  12/31      EV:  2    Int: 30    God:    Kikubaaqudgha [****..]
Gold:   859        SH:  0    Dex: 14    Spells: 4/36 levels left

rFire   . . .        b - +5 hand cannon (drain)
rCold   . . .        (no shield)
rNeg    . . .        v - melded +1 robe
rPois   +            (helmet currently unavailable)
rElec   .            (cloak currently unavailable)
rCorr   .            B - melded +2 pair of gloves
SInv    +            (boots currently unavailable)
Will    +....        i - amulet of regeneration
Stlth   ++           g - +5 ring of evasion
HPRegen 1.17/turn    H - ring of poison resistance
MPRegen 0.22/turn

%: no passive effects
@: lethally poisoned (0 -> -5), tree-form (expiring), animating dead
A: stationary, stasis, torment immunity, boosted hp, see invisible, clever 1,
(shaggy fur 1), wild magic 1, inability to drink after injury 1
a: Renounce Religion, Unearth Wretches


You were on level 5 of the Lair of Beasts.
You worshipped Kikubaaqudgha.
Kikubaaqudgha was greatly pleased with you.
You were a tree.
You visited 3 branches of the dungeon, and saw 17 of its levels.

You collected 859 gold pieces.

Inventory:

Hand Weapons
 a - the +5 dagger of the Two Names {flame, Dex+2}
   (You found it on level 10 of the Dungeon)

   Dex+2:     It affects your dexterity (+2).
 b - a +5 hand cannon of draining (weapon)
 c - a +0 dagger
 r - a +1 dagger of draining
 F - a +0 glaive
 J - a +4 orcbow
Missiles
 f - 9 curare-tipped darts
 p - 9 poisoned darts
 y - 2 throwing nets
Armour
 v - a +1 robe (melded)
 B - a +2 pair of gloves (melded)
Magical Staves
 z - a staff of conjuration
 I - a staff of air
 N - a staff of earth
Jewellery
 e - a ring of protection from fire
 g - a +5 ring of evasion (left branch)
 i - an amulet of regeneration (around neck)
 k - a ring of fire
 q - a +6 ring of dexterity
 w - a +6 ring of strength
 A - a +6 ring of strength
 H - a ring of poison resistance (right branch)
 O - a +5 ring of evasion
 P - a ring of resist corrosion
Talismans
 S - a dragon-blood talisman
Wands
 u - a wand of charming (9)
 L - a wand of flame (3)
 Q - a wand of quicksilver (2)
Scrolls
 d - 3 scrolls of teleportation
 l - 2 scrolls of revelation
 m - a scroll of silence
 o - 4 scrolls of immolation
 E - 2 scrolls of vulnerability
 K - 2 scrolls of poison
 R - 2 scrolls of identify
Potions
 j - 12 potions of ambrosia
 n - 3 potions of magic
 s - 7 potions of curing
 x - 3 potions of enlightenment
 C - a potion of berserk rage
 D - 2 potions of brilliance
 G - a potion of might
 M - 4 potions of attraction


   Skills:
 * Level 2.9 Fighting
 - Level 0.2 Polearms
 - Level 11.2 Ranged Weapons
 - Level 3.3 Dodging
 - Level 2.7 Stealth
 - Level 12.3 Spellcasting
 + Level 14.0 Summonings
 * Level 14.8 Necromancy
 - Level 2.7 Ice Magic


You had 4 spell levels left.
You knew the following spells:

 Your Spells              Type           Power      Damage    Failure   Level
a - Necrotise             Necr           100%       1d9       1%          1
b - Vampiric Draining     Necr           96%        2d12      1%          3
c - Animate Dead          Necr           96%        N/A       1%          4
d - Summon Ice Beast      Ice/Summ       73%        N/A       1%          3
e - Summon Cactus Giant   Summ           46%        N/A       2%          6
f - Haunt                 Necr/Summ      47%        N/A       10%         7
g - Anguish               Hex/Necr       34%        N/A       2%          4
h - Dispel Undead         Necr           96%        3d30      1%          4

Your spell library contained the following spells:

 Spells                   Type           Power      Damage    Failure   Level
 Cigotuvi's Dreadful Rot  Necr/Alch/Air  100%       N/A       1%          2
 Sublimation of Blood     Necr           96%        N/A       1%          2
 Fugue of the Fallen      Necr           96%        N/A       1%          3
 Scorch                   Fire           46%        2d6       7%          2
 Hailstorm                Conj/Ice       34%        3d8       8%          3
 Dazzling Flash           Conj/Hex       46%        N/A       13%         3
 Mephitic Cloud           Conj/Alch/Air  23%        N/A       13%         3
 Tukima's Dance           Hex            23%        N/A       13%         3
 Flame Wave               Conj/Fire      23%        2d8       36%         4
 Passage of Golubria      Tloc           23%        N/A       36%         4
 Curse of Agony           Necr           96%        N/A       1%          5
 Death Channel            Necr           48%        N/A       2%          6
 Borgnjor's Revivificati  Necr           48%        N/A       47%         8
 Silence                  Hex/Air        11%        N/A       69%         5
 Yara's Violent Unravell  Hex/Alch       11%        3d6       69%         5
 Sculpt Simulacrum        Ice/Alch       17%        N/A       96%         6
 Chain Lightning          Conj/Air       11%        3d15      100%        9
 Death's Door             Necr           48%        N/A       100%        9
 Fire Storm               Conj/Fire      11%        8d3       100%        9
 Shatter                  Erth           11%        3d12*     100%        9


Dungeon Overview and Level Annotations

Branches:
Dungeon (11/15)            Temple (1/1) D:7            Lair (5/5) D:9
 Shoals (0/4) Lair:2       Spider (0/4) Lair:3          Orc (0/2) D:9
  Slime: Lair:4-5

Altars:
Ashenzari
Cheibriados
Dithmenos
Elyvilon
Fedhas
Gozag
Hepliaklqana
Kikubaaqudgha
Makhleb
Nemelex Xobeh
Okawaru
Qazlal
Ru
Sif Muna
Trog
Uskayaw
Vehumet
Wu Jian
Xom
Yredelemnul
Zin
The Shining One

Shops:
D:9 =   D:10 :

Annotations:
Lair:2 2 transporters, exclusions: ice statue and oklob plant, DeathSocks's ghost, journeyman VSFi


Innate Abilities, Weirdness & Mutations

You are a tree.
Your roots penetrate the ground, keeping you stationary.
You cannot be teleported.
You are immune to unholy pain and torment.
Your maximum health is greatly increased.
Your equipment is partially melded.
You have supernaturally acute eyesight. (SInv)
Your mind is acute. (Int +4, Str/Dex -1)
((You are covered in fur. (AC +1)))
Your spells are a little harder to cast, but a little more powerful.
You occasionally lose the ability to drink potions when taking damage.


Message History

Kikubaaqudgha accepts your kill.
The dead are walking!
Your bullfrog zombie closely misses the death yak.
The cane toad stings you but does no damage.
The death yak gores your cane toad zombie.
Your ice beast hits the vampire mosquito.
Your ice beast freezes the vampire mosquito!
The death yak gores your bullfrog zombie!!
Your bullfrog zombie is destroyed!
Your cane toad zombie hits the death yak.
You have reached level 13!
You shoot a bolt. The bolt hits the skyshark!
The skyshark is lightly wounded.
You hear an angry growl.
The vampire mosquito bites your blink frog zombie!
The cane toad stings your elephant zombie.
Your blink frog zombie hits the vampire mosquito.
The cane toad stings you!
* * * LOW HITPOINT WARNING * * *
You are poisoned.
The cane toad poisons you! The skyshark bites you!
* * * LOW HITPOINT WARNING * * *
The skyshark tail-slaps you but does no damage. x2
The blink frog blinks!
The vampire mosquito bites your blink frog zombie!
Your ice beast hits the vampire mosquito.
Your ice beast freezes the vampire mosquito!
The vampire mosquito is destroyed!
Kikubaaqudgha accepts your kill.
Your cactus giant hits the skyshark with a +0 giant spiked club!
Your blink frog zombie barely misses the skyshark.
Your bullfrog zombie hits the death yak but does no damage.
Your cane toad zombie hits the death yak.
The cane toad stings you!
* * * LOW HITPOINT WARNING * * *
The skyshark bites you but does no damage.
The skyshark tail-slaps you but does no damage.
The skyshark tail-slaps you.
You die...
Kikubaaqudgha rasps: "You have failed me!
Welcome... death!"

####......# #..
##.P.......# ..
##.......#### .
#.#..YF.##
###..Z...##
#.#.Y....# #
##ZZF...### ###.# ##
##YZCZY.##
...#.#.####
#.)F♣.###
....#..P#.##.§.F###
............F###
.........§.....
.........F....~
..<...........~.
.F...§........~~~≈≈~
.F.........~P..≈~~~~
.F.....F...~..~≈~≈P~


You could see 3 death yaks, a skyshark (ally target), 3 cane toads, a blink
frog, a bullfrog, a friendly cactus giant (summoned), a friendly ice beast
(summoned), a friendly death yak zombie, a friendly elephant zombie, a friendly
bullfrog zombie, a friendly cane toad zombie and a friendly blink frog zombie.

Vanquished Creatures
  3 cane toads
  A komodo dragon (Lair:4)
  An unseen horror (D:10)
  A rime drake (Lair:3)
  A polar bear (Lair:1)
  3 blink frogs
  A wyvern (Lair:3)
  5 yaks
  A redback (Lair:3)
  3 water moccasins
  2 orc warriors
  A black bear (D:6)
  5 ice beasts
  4 wolves (Lair:4)
  6 bullfrogs
  A scorpion (D:6)
  2 wights (D:8)
  12 killer bees (D:9)
  2 howler monkeys (D:7)
  A bombardier beetle (D:3)
  4 hounds
  5 orc priests
  3 iguanas
  4 orc wizards
  A hell rat (Lair:4)
  9 adders
  A white imp (D:5)
  2 dart slugs
  2 ribbon worms
  26 orcs
  2 ball pythons
  7 endoplasms
  5 giant cockroaches
  7 hobgoblins
  10 jackals
  7 kobolds
  3 quokkas
  4 bats
  5 frilled lizards
  6 goblins
  11 rats
180 creatures vanquished.

Vanquished Creatures (collateral kills)
  A hydra (Lair:5)
  Erica (Lair:1)
  A two-headed ogre (D:10)
  A death yak (Lair:5)
  2 nameless horrors
  2 black mambas
  2 elephants
  5 cane toads
  3 komodo dragons
  2 polar bears
  A queen bee (D:9)
  A troll (D:9)
  A hornet (D:9)
  5 blink frogs
  A wraith (D:10)
  A wyvern (Lair:2)
  A redback (Lair:3)
  37 yaks
  2 vampire mosquitoes
  A basilisk (D:7)
  4 water moccasins
  3 orc warriors (D:10)
  5 ogres
  A black bear (D:5)
  4 centaurs
  15 wolves
  6 bullfrogs
  A scorpion (Lair:3)
  3 wights
  22 killer bees
  3 howler monkeys (D:7)
  An electric eel (D:10)
  2 jellies
  A hound (D:5)
  An orc priest (D:4)
  An orc wizard (D:7)
  6 hell rats (Lair:4)
  2 adders
  2 river rats (D:3)
  A shadow imp (D:5)
  A white imp (D:7)
  2 ufetubi (D:4)
  23 orcs
  A ball python (D:3)
  2 endoplasms (D:3)
  A giant cockroach (D:3)
  A frilled lizard (D:1)
  3 kobolds
  A rat (D:3)
190 creatures vanquished.

Vanquished Creatures (others)
  Harold (Lair:1)
  An orc knight (D:10)
  An elephant (Lair:2)
  An unseen horror zombie (D:10)
  2 cane toads
  3 blink frogs
  A slime creature (D:10)
  2 basilisks
  4 yaks (Lair:2)
  3 cane toad zombies
  A hornet zombie (D:9)
  3 blink frog zombies
  A centaur (Lair:2)
  2 wolves (Lair:1)
  3 bullfrogs
  A water moccasin zombie (Lair:5)
  16 yak zombies
  A killer bee (D:10)
  A troll zombie (D:9)
  A polar bear zombie (Lair:1)
  6 wolf zombies
  A basilisk zombie (Lair:2)
  2 bullfrog zombies
  17 killer bee zombies
  An ice beast zombie (D:6)
  A hell rat zombie (Lair:4)
  20 orc zombies (D:10)
97 creatures vanquished.

Grand Total: 467 creatures vanquished

Notes
Turn   | Place    | Note
-------+----------+-------------------------------------------
     0 | D:1      | MisterAzrael the Deep Elf Necromancer began the quest for
                  | the Orb.
     0 | D:1      | Reached XP level 1. HP: 10/10 MP: 6/6
   332 | D:1      | Reached skill level 5 in Necromancy
   332 | D:1      | Reached XP level 2. HP: 15/15 MP: 4/8
   798 | D:1      | Reached XP level 3. HP: 19/19 MP: 7/10
  1200 | D:1      | Learned a level 3 spell: Vampiric Draining
  1665 | D:2      | Reached XP level 4. HP: 18/24 MP: 6/11
  1692 | D:2      | Learned a level 4 spell: Animate Dead
  1883 | D:2      | Reached skill level 1 in Ice Magic
  2482 | D:3      | Reached skill level 1 in Summonings
  2482 | D:3      | Reached XP level 5. HP: 28/28 MP: 8/13
  2487 | D:3      | Learned a level 3 spell: Summon Ice Beast
  2842 | D:3      | Reached XP level 6. HP: 32/32 MP: 12/15
  2946 | D:3      | Reached skill level 5 in Spellcasting
  3439 | D:4      | Reached XP level 7. HP: 36/36 MP: 9/17
  4102 | D:4      | Found a white marble altar of Elyvilon.
  4144 | D:5      | Entered Level 5 of the Dungeon
  4590 | D:5      | Reached skill level 5 in Summonings
  4956 | D:5      | Reached XP level 8. HP: 37/41 MP: 13/19
  5402 | D:6      | Found an ornate altar of the Wu Jian Council.
  6367 | D:6      | Learned a level 6 spell: Summon Cactus Giant
  6953 | D:7      | Reached XP level 9. HP: 45/45 MP: 18/22
  7022 | D:7      | Found an opulent altar of Gozag.
  7100 | D:7      | Found a broken altar of Ashenzari.
  7212 | D:7      | Found a staircase to the Ecumenical Temple.
  7235 | Temple   | Entered the Ecumenical Temple
  7243 | Temple   | Became a worshipper of Kikubaaqudgha
  7476 | D:7      | Reached skill level 10 in Necromancy
  7875 | D:7      | HP: 1/45 [electric eel/bolt of electricity (11)]
  8608 | D:8      | Gained mutation: You are strong-willed. (Will+) [potion of
                  | mutation]
  8608 | D:8      | Gained mutation: Your body sometimes deteriorates upon
                  | taking damage. [potion of mutation]
  8608 | D:8      | Gained mutation: Your flesh is cold resistant. (rC+)
                  | [potion of mutation]
  8608 | D:8      | Gained mutation: You are covered in fur. (AC +1) [potion of
                  | mutation]
  8609 | D:8      | Lost mutation: Your flesh is cold resistant. (rC+) [potion
                  | of mutation]
  8609 | D:8      | Lost mutation: Your body sometimes deteriorates upon taking
                  | damage. [potion of mutation]
  8609 | D:8      | Gained mutation: You sometimes lose your temper in combat.
                  | [potion of mutation]
  8609 | D:8      | Gained mutation: Your muscles are strong. (Str +4, Int/Dex
                  | -1) [potion of mutation]
  8609 | D:8      | Gained mutation: Your mind is acute. (Int +4, Str/Dex -1)
                  | [potion of mutation]
  8717 | D:8      | Identified a scroll of acquirement
  8717 | D:8      | Acquired a +5 hand cannon of draining
  8735 | D:8      | Reached skill level 1 in Ranged Weapons
  8816 | D:9      | Noticed a nameless horror
  8820 | D:10     | Entered Level 10 of the Dungeon
  9028 | D:10     | Identified the +5 dagger of the Two Names {flame, Dex+2}
  9077 | D:10     | Found Ukumakez's Self-Published Books.
  9085 | D:10     | Noticed a two-headed ogre
  9166 | D:11     | Noticed a two-headed ogre
  9185 | D:11     | Noticed a rime drake
  9190 | D:11     | Noticed a rime drake
  9391 | D:10     | Noticed a nameless horror
  9542 | D:10     | Killed a nameless horror
  9708 | D:10     | Reached XP level 10. HP: 50/50 MP: 24/24
  9714 | D:10     | Reached skill level 5 in Ranged Weapons
  9796 | D:10     | Reached * piety under Kikubaaqudgha
  9796 | D:10     | Received a gift from Kikubaaqudgha
  9805 | D:10     | Learned a level 7 spell: Haunt
 10384 | D:10     | Reached skill level 10 in Summonings
 10461 | D:10     | Killed a two-headed ogre
 10580 | D:9      | Found a staircase to the Orcish Mines.
 10624 | D:9      | Killed a nameless horror
 10812 | D:9      | Reached ** piety under Kikubaaqudgha
 10861 | D:9      | Reached skill level 10 in Spellcasting
 10964 | D:9      | Reached XP level 11. HP: 54/54 MP: 27/27
 11058 | D:9      | Found Catoibb's One-of-a-Kind Rings.
 11161 | D:9      | Found a radiant altar of Vehumet.
 11163 | D:9      | Found a basalt altar of Yredelemnul.
 11165 | D:9      | Found a shadowy altar of Dithmenos.
 11425 | D:9      | Found a staircase to the Lair.
 11881 | Lair:1   | Entered Level 1 of the Lair of Beasts
 11907 | Lair:1   | Reached skill level 10 in Ranged Weapons
 12344 | Lair:1   | Reached *** piety under Kikubaaqudgha
 12344 | Lair:1   | Received a gift from Kikubaaqudgha
 12350 | Lair:1   | Learned a level 4 spell: Anguish
 12529 | Lair:1   | Noticed Harold
 12850 | Lair:1   | Noticed Erica
 12857 | Lair:1   | Killed Erica
 13104 | Lair:1   | Killed Harold
 13563 | Lair:1   | Learned a level 4 spell: Dispel Undead
 13645 | Lair:2   | Reached XP level 12. HP: 59/59 MP: 9/29
 13829 | Lair:2   | Noticed a death yak
 13829 | Lair:2   | Noticed DeathSocks's ghost (journeyman VSFi)
 13840 | Lair:2   | Found a staircase to the Shoals.
 13859 | Lair:2   | You fall into a shaft and drop 1 floor!
 14121 | Lair:2   | Found a transporter.
 14121 | Lair:2   | Found a transporter.
 14159 | Lair:2   | Noticed a four-headed hydra
 14209 | Lair:2   | Lost mutation: Your muscles are strong. (Str +4, Int/Dex
                  | -1) [potion of mutation]
 14209 | Lair:2   | Lost mutation: You sometimes lose your temper in combat.
                  | [potion of mutation]
 14209 | Lair:2   | Lost mutation: You are strong-willed. (Will+) [potion of
                  | mutation]
 14209 | Lair:2   | Gained mutation: Your spells are a little harder to cast,
                  | but a little more powerful. [potion of mutation]
 14209 | Lair:2   | Gained mutation: You have supernaturally acute eyesight.
                  | (SInv) [potion of mutation]
 14209 | Lair:2   | Gained mutation: You occasionally lose the ability to drink
                  | potions when taking damage. [potion of mutation]
 14564 | Lair:3   | Found a hole to the Spider Nest.
 15097 | Lair:3   | Identified the +5 dagger of the Goat {freeze, rElec rF+
                  | Str+5 Dex-5}
 15706 | Lair:4   | Reached **** piety under Kikubaaqudgha
 16117 | Lair:4   | Reached skill level 1 in Fighting
 16574 | Lair:5   | Entered Level 5 of the Lair of Beasts
 16863 | Lair:5   | Noticed a death yak
 16864 | Lair:5   | Noticed a death yak
 16911 | Lair:5   | Noticed a four-headed hydra
 16911 | Lair:5   | Noticed a death yak
 17034 | Lair:5   | Noticed a death yak
 17039 | Lair:5   | Killed a four-headed hydra
 17056 | Lair:5   | Killed a death yak
 17057 | Lair:5   | Reached XP level 13. HP: 35/68 MP: 11/31
 17057 | Lair:5   | HP: 1/102 [cane toad (10)]
 17057 | Lair:5   | Slain by a skyshark

Illustrated notes

Levels and vault maps discovered:
D:1:      orjb1_lava_funnel, layout_loops_corners, kennysheep_minor_cross,
          wander_ebering_terrifying_dragon_lair
D:2:      layout_loops_cross
D:3:      minmay_inner_zag, layout_basic, portal_sewer_entry_b
D:4:      layout_basic, mainiacjoe_overflow_tiny_flanked
D:5:      layout_cave_pools, serial_column_ruins, column_ruins_hut,
          column_ruins_columns_straight, column_ruins_open_small,
          column_ruins_grid_2, column_ruins_columns_corner, column_ruins_grid_4,
          bh_walls_and_bars
D:6:      layout_loops_corners, lemuel_coloured_pillars_altar, hex_large,
          minmay_misc_feat_enclosed
D:7:      cheibrodos_two_vegetables, layout_basic, lemuel_doored_altar,
          kennysheep_little_box, minmay_temple_entry_glassed_door
D:8:      layout_cave_pools, chequers_serial_rivers_micro_e
D:9:      layout_long_grid, grunt_temple_overflow_open, erik_lair_island,
          david_orc_3, special_room [special_room_bee],
          nicolae_shop_unique_rings
D:10:     layout_roguey, special_room [special_room_orc],
          kennysheep_pointless_box, nicolae_custom_books
D:11:     layout_gridville, portal_ice_cave_rime,
          minmay_fractal_squares_gapless_5
Temple:   nicolae_temple_no_exploring_needed
Lair:1:   layout_chaotic_city, lemuel_fruit_fields, grunt_megastairs_3,
          uniq_erica, uniq_harold
Lair:2:   layout_cave_pods, minmay_shoals_entry_centaurs, nzn_ghost_randoct,
          grunt_forest_stairs_basic
Lair:3:   layout_regular_city, spider_nest_entry_a
Lair:4:   layout_cave_pods, minivault_27
Lair:5:   minmay_lair_end_frog_pond, layout_hall_layers,
          minmay_slime_entry_eyes, nzn_masters_of_martial_movement

Skill      XL: |  1  2  3  4  5  6  7  8  9 10 11 12 |
---------------+-------------------------------------+-----
Necromancy     | 5 6 8 9 11 12 14 | 14.8
Dodging        | 3 |  3.3
Spellcasting   | 4 5 6 7 8 10 11 12 | 12.3
Ice Magic      | 1 2 |  2.7
Summonings     | 1 2 3 5 7 9 10 12 14 | 14.0
Ranged Weapons | 4 8 11 | 11.2
Fighting       | 2 |  2.9
Polearms       | |  0.2
Stealth        | |  2.7

Action                     |  1- 3 |  4- 6 |  7- 9 | 10-12 | 13-15 || total
---------------------------+-------+-------+-------+-------+-------++-------
  Melee: Dagger            |     6 |    12 |    24 |     5 |       ||    47
         Glaive            |       |       |    19 |       |       ||    19
   Fire: Hand cannon       |       |       |    25 |   172 |     1 ||   198
   Cast: Necrotise         |    71 |    77 |    72 |     4 |       ||   224
         Vampiric Draining |     2 |       |    18 |    18 |       ||    38
         Summon Ice Beast  |       |     6 |    41 |    35 |       ||    82
         Animate Dead      |       |       |     2 |    18 |       ||    20
         Summon Cactus Gia |       |       |     2 |    26 |       ||    28
         Anguish           |       |       |       |     9 |       ||     9
         Haunt             |       |       |       |     3 |       ||     3
 Invoke: Unearth Wretches  |       |       |       |     4 |       ||     4
  Evoke: Wand              |       |       |     1 |     5 |       ||     6
    Use: Scroll            |     4 |       |    17 |    13 |       ||    34
         Potion            |       |       |     4 |    13 |       ||    17
   Stab: Sleeping          |       |     2 |       |       |       ||     2
 Armour: Robe              |    10 |    24 |    76 |   143 |       ||   253
         Skin              |       |       |       |    14 |     8 ||    22
  Dodge: Dodged            |     8 |    59 |   158 |   226 |       ||   451

Table legend: (Time is in decaauts)
 A = Elapsed time spent in this place.
 B = Non-inter-level travel time spent in this place.
 C = Inter-level travel time spent in this place.
 D = Time resting spent in this place.
 E = Time spent auto-exploring this place.
 F = Levels seen in this place.
 G = Mean time per level.
                   A        B        C        D        E       F      G
               +--------+--------+--------+--------+--------+-----+--------+
         Total |  17183 |  16634 |    549 |   2855 |   9985 |  17 | 1010.8 |
       Dungeon |  11993 |  11611 |    382 |   2083 |   6902 |  11 | 1090.3 |
        Temple |     18 |     11 |      7 |      0 |      0 |   1 |   18.0 |
          Lair |   5171 |   5011 |    160 |    772 |   3082 |   5 | 1034.2 |
               +--------+--------+--------+--------+--------+-----+--------+

Top non-repeatable levels by time:
     D:7: 1940 daAuts
    D:10: 1695 daAuts
  Lair:1: 1693 daAuts
  Lair:4: 1518 daAuts
     D:6: 1425 daAuts
     D:9: 1352 daAuts
     D:1: 1246 daAuts
     D:3: 1116 daAuts
  Lair:3: 1029 daAuts
     D:5: 955 daAuts
     D:2: 943 daAuts
  Lair:2: 859 daAuts
     D:4: 835 daAuts
     D:8: 403 daAuts
    D:11: 77 daAuts
